 Dungeon Crawl Stone Soup version 0.28.0-53-g5a82cb258f (webtiles) character file.

Game seed: 1439775298325369339

21980 Plasmagod the Cleaver (level 12, -9/77 HPs)
             Began as a Gargoyle Fighter on July 25, 2022.
             Was an Elder of Ru.
             Mangled by a 15-headed hydra (10 damage)
             ... on level 11 of the Dungeon.
             The game lasted 00:35:31 (13959 turns).

Plasmagod the Cleaver (Gargoyle Fighter)           Turns: 13959, Time: 00:35:32

Health: -9/77      AC: 39    Str: 25    XL:     12   Next: 95%
Magic:  10/10      EV:  5    Int: 10    God:    Ru [****..]
Gold:   649        SH: 10    Dex: 11    Spells: 9/11 levels left

rFire   . . .      SeeInvis .   e - +4 broad axe of Turmoil {protect, Str+3}
rCold   + . .      Faith    .   x - +0 kite shield
rNeg    + . .      Spirit   .   q - +3 plate armour {rC+}
rPois   ∞          Reflect  .   (no helmet)
rElec   +          Harm     .   h - +0 cloak
rCorr   +          Rampage  .   d - +2 pair of gloves
Will    .....                   I - +0 pair of boots
Stlth   ..........              a - amulet of regeneration
HPRegen 1.02/turn               u - ring of resist corrosion
MPRegen 0.12/turn               A - +4 ring of evasion

@: under a protective aura
A: sickness immunity, AC +8, low MP 1, negative energy resistance 1, electricity
resistance, torment resistance 1, petrification resistance, no stealth,
inability to use devices, reduced EV 1
a: Renounce Religion, Draw Out Power, Power Leap


You were on level 11 of the Dungeon.
You worshipped Ru.
Ru was greatly pleased with you.
You visited 3 branches of the dungeon, and saw 15 of its levels.
You also visited: Sewer.

You collected 649 gold pieces.

Inventory:

Hand Weapons
 e - the +4 broad axe of Turmoil (weapon) {protect, Str+3}
   (You acquired it on level 7 of the Dungeon)

   It grants its wielder temporary protection when it strikes (+7 to AC).
   Str:       It affects your strength (+3).
 B - a +2 scythe of flaming
 M - the +10 hand crossbow "Lusop" {penet, Str+3}
   (You found it on level 12 of the Dungeon)

   Any ammunition fired by it passes through the targets it hits, potentially
   hitting all targets in its path until it reaches maximum range.
   Str:       It affects your strength (+3).
Missiles
 p - 26 bolts
 D - a throwing net (quivered)
Armour
 d - a +2 pair of gloves (worn)
 h - a +0 cloak (worn)
 q - a +3 plate armour of cold resistance (worn)
 x - a +0 kite shield (worn)
 I - a +0 pair of boots (worn)
Jewellery
 a - an amulet of regeneration (around neck)
 c - the ring "Wakhofux" {rF+ rN+ Int+2}
   (You found it on level 10 of the Dungeon)

   [ring of protection from fire]

   Int:       It affects your intelligence (+2).
   rF:        It protects you from fire.
   rN:        It protects you from negative energy.
 k - a ring of fire
 t - an amulet of reflection
 u - a ring of resist corrosion (left hand)
 v - an amulet of guardian spirit
 A - a +4 ring of evasion (right hand)
 H - a ring of positive energy
 L - a +6 ring of dexterity
Scrolls
 b - a scroll of magic mapping
 f - 5 scrolls of vulnerability
 l - 6 scrolls of blinking
 n - 12 scrolls of teleportation
 r - a scroll of fear
 y - a scroll of identify
 z - 2 scrolls of amnesia
 K - 2 scrolls of enchant weapon
Potions
 g - 2 potions of lignification
 i - 7 potions of ambrosia
 j - 2 potions of flight
 m - a potion of mutation
 o - a potion of heal wounds
 s - a potion of haste
 w - a potion of attraction
 C - a potion of resistance
 E - 3 potions of curing
 G - a potion of might
 J - a potion of invisibility


   Skills:
 + Level 9.9 Fighting
 + Level 14.0 Axes
 + Level 2.9 Crossbows
 + Level 9.9 Armour
 + Level 2.0 Dodging
 + Level 9.2 Shields


You had 9 spell levels left.
You knew the following spells:

 Your Spells              Type           Power      Damage    Failure   Level
a - Passwall              Tmut/Erth      0%         N/A       100%        2

Your spell library contained the following spells:

 Spells                   Type           Power      Damage    Failure   Level
 Magic Dart               Conj           0%         1d3       100%        1
 Ensorcelled Hibernation  Hex/Ice        0%         N/A       100%        2
 Searing Ray              Conj           0%         2d4       100%        2
 Dazzling Flash           Conj/Hex       0%         N/A       100%        3
 Inner Flame              Hex/Fire       0%         N/A       100%        3
 Swiftness                Air            0%         N/A       100%        3
 Cause Fear               Hex            0%         N/A       100%        4
 Fulminant Prism          Conj/Hex       0%         3d6       100%        4
 Agony                    Necr           0%         N/A       100%        5
 Silence                  Hex/Air        0%         N/A       100%        5
 Summon Forest            Summ/Tloc      0%         N/A       100%        5
 Eringya's Noxious Bog    Tmut/Pois      0%         N/A       100%        6
 Summon Hydra             Summ           0%         N/A       100%        7
 Discord                  Hex            0%         N/A       100%        8


Dungeon Overview and Level Annotations

Branches:
Dungeon (13/15)            Temple (1/1) D:5            Lair (1/6) D:11
    Orc (0/2) D:9           Sewer (visited)
 Vaults: D:13-14

Altars:
Ashenzari
Cheibriados
Dithmenos
Elyvilon
Fedhas
Gozag
Hepliaklqana
Kikubaaqudgha
Makhleb
Nemelex Xobeh
Okawaru
Qazlal
Ru
Sif Muna
Trog
Uskayaw
Vehumet
Wu Jian
Xom
Yredelemnul
Zin
The Shining One

Shops:
D:5 :

Annotations:
D:7 2 transporters, shaman420's ghost, novice OpAM


Innate Abilities, Weirdness & Mutations

You are immune to sickness and miasma.
Your stone body is resilient. (AC +8)
You are immune to poison.
Your magical capacity is low. (-10% MP)
You resist negative energy. (rN+)
You are resistant to electric shocks. (rElec)
You are resistant to unholy torment.
You are immune to petrification.
You cannot be stealthy.
You cannot study or use magical devices.
You have somewhat slow reflexes. (EV -5)


Message History

The 13-headed hydra bites you but does no damage.
The 13-headed hydra completely misses you.
The 13-headed hydra barely misses you.
The 13-headed hydra bites you but does no damage.
The 13-headed hydra closely misses you.
The 13-headed hydra bites you but does no damage.
The 13-headed hydra closely misses you.
The 13-headed hydra bites you but does no damage.
The 13-headed hydra bites you.
* * * LOW HITPOINT WARNING * * *
You focus your inner power and illuminate the 13-headed hydra in retribution!
The 13-headed hydra bites you but does no damage.
You hack one of the 13-headed hydra's heads off!
The 12-headed hydra grows two more!
You slash the 14-headed hydra!
The 14-headed hydra is heavily wounded.
You block the 14-headed hydra's attack. The 14-headed hydra barely misses you.
The 14-headed hydra bites you but does no damage.
You block the 14-headed hydra's attack.
The 14-headed hydra bites you but does no damage.
You block the 14-headed hydra's attack.
The 14-headed hydra bites you but does no damage.
The 14-headed hydra barely misses you.
The 14-headed hydra bites you but does no damage.
The 14-headed hydra barely misses you. The 14-headed hydra bites you.
* * * LOW HITPOINT WARNING * * *
The 14-headed hydra bites you but does no damage. x2
The 14-headed hydra barely misses you.
You chop one of the 14-headed hydra's heads off!
The 13-headed hydra grows two more!
You slash the 15-headed hydra!
The 15-headed hydra is heavily wounded.
You block the 15-headed hydra's attack. x2
The 15-headed hydra bites you but does no damage. x4
The 15-headed hydra bites you!
* * * LOW HITPOINT WARNING * * *
The 15-headed hydra bites you but does no damage. x5
The 15-headed hydra bites you!
* * * LOW HITPOINT WARNING * * *
The 15-headed hydra bites you but does no damage.
The 15-headed hydra bites you!
You die...

####...# #.....
.......#####################.....
..............>..................
.......###...#######.............
.......# #..#...≈...#.....<......
.......# #....#...#..............
.......# #...##PP.##.............
.......# #.#.....†P..#...........
.......# #.#≈..†@D..≈#...........
.......# #.#.........#...........
.......# #...##PP.##......<......
.......# #....#...#..............
.())...###..#...≈...#............
.(<(.....[...#######.............
############.................####
#..##############.# #..# #.#


You could see a 15-headed hydra (corona).

Vanquished Creatures
  Jorgrun (D:12)
  A boulder beetle (D:13)
  2 two-headed ogres
  A deep elf pyromancer (D:13)
  3 manticores
  An ugly thing (D:12)
  A cyclops (D:13)
  3 gargoyles (D:12)
  3 cane toads
  2 komodo dragons
  A kobold demonologist (D:12)
  A polar bear (D:9)
  A queen bee (D:11)
  5 trolls
  A hornet (D:10)
  2 blink frogs
  A meliai zombie (D:11)
  Sigmund (D:6)
  A wyvern (D:7)
  A basilisk (Lair:1)
  3 vampires
  Eustachio (D:4)
  28 yaks
  2 vampire mosquitoes (D:10)
  An acid dragon (D:10)
  2 water moccasins
  3 ice beasts
  A black bear (D:5)
  7 orc warriors
  A sky beast (D:5)
  An ogre (D:9)
  A necrophage (D:4)
  4 wolves
  7 centaurs
  A phantom (D:6)
  4 kobold brigands
  10 bullfrogs
  8 gnoll sergeants
  A wyvern zombie (D:7)
  A water moccasin skeleton (D:6)
  25 killer bees (D:11)
  3 howler monkeys
  An electric eel (D:9)
  A jelly (D:5)
  A wyvern simulacrum (D:9)
  3 centaur zombies
  A bullfrog zombie (D:7)
  A centaur skeleton (D:7)
  2 gnoll shamans
  A bullfrog skeleton (D:4)
  3 hounds
  3 iron imps (D:7)
  3 orc priests
  4 iguanas
  Natasha (thrice) (D:3)
  5 orc wizards
  A hound zombie (D:5)
  A killer bee simulacrum (D:9)
  25 gnolls
  14 adders
  2 howler monkey skeletons
  6 white imps
  A howler monkey simulacrum (D:9)
  An ufetubus (D:9)
  A worm (D:4)
  3 dart slugs
  32 orcs
  12 ball pythons
  4 bats
  18 endoplasms
  10 giant cockroaches
  10 goblins
  7 hobgoblins
  3 jackals (D:4)
  11 quokkas
  13 frilled lizards
  A jackal skeleton (D:4)
  18 kobolds
  5 rats
379 creatures vanquished.

Vanquished Creatures (others)
  A yak (D:11)
  A killer bee simulacrum (D:9)
  An adder (Sewer)
  A gnoll (D:9)
  A fungus (Lair:1)
  13 plants
18 creatures vanquished.

Grand Total: 397 creatures vanquished

Notes
Turn   | Place    | Note
-------+----------+-------------------------------------------
     0 | D:1      | Plasmagod the Gargoyle Fighter began the quest for the Orb.
     0 | D:1      | Reached XP level 1. HP: 14/14 MP: 1/1
   227 | D:1      | Reached XP level 2. HP: 19/19 MP: 2/2
   233 | D:1      | Noticed a shining eye
   242 | D:1      | Found a faded altar of an unknown god.
   244 | D:1      | Noticed a shining eye
   244 | D:1      | Noticed a shining eye
   244 | D:1      | Noticed an eye of devastation
   353 | D:1      | Reached skill level 2 in Axes
   784 | D:2      | Reached XP level 3. HP: 24/24 MP: 3/3
   799 | D:2      | Found a glowing golden altar of the Shining One.
  1650 | D:2      | Reached XP level 4. HP: 18/29 MP: 4/4
  2006 | D:3      | Noticed Natasha
  2014 | D:3      | Killed Natasha
  2207 | D:3      | Noticed Natasha
  2219 | D:3      | Killed Natasha
  2220 | D:3      | Reached skill level 1 in Stealth
  2220 | D:3      | Reached XP level 5. HP: 7/33 MP: 5/5
  2271 | D:3      | Noticed Natasha
  2277 | D:3      | Killed Natasha
  2278 | D:3      | Reached skill level 3 in Axes
  2851 | D:3      | Found a broken altar of Ashenzari.
  2861 | D:3      | Found a shimmering blue altar of Sif Muna.
  3488 | D:4      | Noticed a necrophage
  3504 | D:4      | Killed a necrophage
  3505 | D:4      | Reached XP level 6. HP: 38/38 MP: 6/6
  3545 | D:4      | Reached skill level 4 in Axes
  3864 | D:4      | Noticed Eustachio
  3872 | D:4      | Reached XP level 7. HP: 42/43 MP: 7/7
  3889 | D:4      | Killed Eustachio
  3890 | D:4      | Reached skill level 5 in Armour
  3890 | D:4      | Reached skill level 1 in Dodging
  4161 | D:4      | Reached skill level 5 in Axes
  4289 | D:4      | Found a sparkling altar of Nemelex Xobeh.
  4383 | D:5      | Entered Level 5 of the Dungeon
  4585 | D:5      | Found a staircase to the Ecumenical Temple.
  4594 | Temple   | Entered the Ecumenical Temple
  4665 | Temple   | Became a worshipper of Ru the Awakened
  4752 | D:5      | Reached skill level 5 in Fighting
  4752 | D:5      | Reached XP level 8. HP: 46/49 MP: 8/8
  4774 | D:5      | Found Femoh's Book Boutique.
  4961 | D:5      | Found a basalt altar of Yredelemnul.
  4961 | D:5      | Found a hazy altar of Hepliaklqana.
  4961 | D:5      | Found a stormy altar of Qazlal.
  5226 | D:5      | Reached skill level 6 in Axes
  5611 | D:6      | Noticed Sigmund
  5629 | D:6      | Killed Sigmund
  5698 | D:6      | Reached skill level 7 in Axes
  5698 | D:6      | Gained mutation: You cannot study or use magical devices.
                  | [Ru sacrifice]
  5698 | D:6      | Reached * piety under Ru
  5698 | D:6      | Reached ** piety under Ru
  5726 | D:6      | HP: 1/51 [gnoll/+0 spear (4)]
  5988 | D:6      | Reached XP level 9. HP: 52/55 MP: 7/9
  5994 | D:6      | Found a glowing drain.
  6012 | Sewer    | Entered a sewer
  6784 | D:7      | Found a shadowy altar of Dithmenos.
  6911 | D:7      | Reached skill level 8 in Axes
  6911 | D:7      | Reached skill level 5 in Shields
  7388 | D:7      | Found a bloodstained altar of Trog.
  7410 | D:7      | Noticed a tengu conjurer
  7411 | D:7      | Noticed shaman420's ghost (novice OpAM)
  7414 | D:7      | Found a transporter.
  7425 | D:7      | Found a transporter.
  7496 | D:7      | Reached skill level 9 in Axes
  7994 | D:7      | Identified a scroll of acquirement
  7994 | D:7      | Acquired the +4 broad axe of Turmoil {protect, Str+3}
  8144 | D:7      | Found a glowing silver altar of Zin.
  8207 | D:7      | Found a burning altar of Makhleb.
  8226 | D:7      | Reached XP level 10. HP: 55/61 MP: 10/10
  8551 | D:8      | Found a glowing golden altar of the Shining One.
  8557 | D:8      | Gained mutation: You cannot be stealthy. [Ru sacrifice]
  8557 | D:8      | Reached *** piety under Ru
  8583 | D:8      | Found a hide-covered altar of Uskayaw.
  8584 | D:8      | Noticed a +0 dagger
  8586 | D:8      | Noticed a +0 hand axe
  8834 | D:8      | Learned a level 2 spell: Passwall
  9129 | D:8      | Reached skill level 10 in Axes
  9982 | D:9      | Found a staircase to the Orcish Mines.
 10029 | D:9      | Reached skill level 11 in Axes
 10076 | D:9      | Reached XP level 11. HP: 39/67 MP: 11/11
 10190 | D:9      | Gained mutation: You have somewhat slow reflexes. (EV -5)
                  | [Ru sacrifice]
 10190 | D:9      | Reached **** piety under Ru
 10400 | D:10     | Entered Level 10 of the Dungeon
 10626 | D:10     | Identified the ring "Wakhofux" {rF+ rN+ Int+2}
 10640 | D:10     | Noticed a two-headed ogre
 10650 | D:10     | Killed a two-headed ogre
 11237 | D:11     | Reached skill level 12 in Axes
 11307 | D:11     | Found a staircase to the Lair.
 11432 | D:11     | Identified the +3 quarterstaff of Offaqac {antimagic, rC++}
 11922 | D:12     | Noticed a manticore
 11933 | D:12     | Noticed a two-headed ogre
 11936 | D:12     | Killed a manticore
 11953 | D:12     | Killed a two-headed ogre
 11989 | D:12     | Gained mutation: Your magical capacity is low. (-10% MP)
                  | [Ru sacrifice]
 12046 | D:12     | Noticed a manticore
 12057 | D:12     | Killed a manticore
 12058 | D:12     | Reached XP level 12. HP: 63/75 MP: 10/10
 12101 | D:12     | Identified the +10 hand crossbow "Lusop" {penet, Str+3}
 12697 | D:12     | Found a stormy altar of Qazlal.
 12831 | D:12     | Reached skill level 13 in Axes
 12922 | D:12     | Reached skill level 1 in Crossbows
 13159 | D:12     | Noticed Jorgrun
 13183 | D:12     | Killed Jorgrun
 13326 | D:13     | Noticed a boulder beetle
 13358 | D:13     | Killed a boulder beetle
 13421 | D:13     | Noticed a death knight
 13426 | D:13     | Noticed a five-headed hydra
 13493 | Lair:1   | Entered Level 1 of the Lair of Beasts
 13642 | Lair:1   | Noticed a six-headed hydra
 13693 | D:11     | Reached skill level 14 in Axes
 13959 | D:11     | HP: 1/77 [15-headed hydra (9)]
 13959 | D:11     | Mangled by a 15-headed hydra

Illustrated notes

Levels and vault maps discovered:
D:1:      tarquinn_simple_flora_water_a, layout_basic,
          hellmonk_ecumenical_altar_watching_god
D:2:      layout_loops_ring, basic_altar
D:3:      layout_basic, amethyst_overflow_temple_binary, uniq_natasha
D:4:      layout_rooms, nemelex_dance_club_becter, uniq_eustachio
D:5:      layout_loops_corners, chequers_temple_overflow_statue_of_worship,
          minmay_temple_entry_junction_2, serial_shops, nicolae_stop_n_shop_1,
          minmay_misc_feat_iff
D:6:      layout_rooms, portal_sewer_entry_d, nicolae_ossuary_entry_ruins,
          uniq_sigmund
D:7:      layout_basic, demons_altar, grunt_dithmenos_smoke_and_mirrors,
          zin_statuary, mainiacjoe_overflow_chevrons, gammafunk_ghost_arena
D:8:      layout_basic, dancing_weapons_uskayaw, old_standard_altar,
          minivault_21, minmay_misc_feat_chi, grunt_decor_clamped
D:9:      layout_roguey, kennysheep_orc_monster_closet_entryway, serial_ice,
          serial_ice_c, serial_ice_k, serial_ice_d, serial_ice_f, serial_ice_e,
          serial_ice_n
D:10:     layout_layer_cave
D:11:     layout_long_grid, dpeg_oklobed_lair, special_room [special_room_bee]
D:12:     layout_stronghold, nicolae_qazlal_general_emergency, uniq_jorgrun
D:13:     layout_basic, minmay_misc_feat_x, st_stairs_13, uniq_snorg,
          uniq_erolcha
Temple:   cyrus_temple_forest
Lair:1:   layout_long_grid, grunt_megastairs_5, infiniplex_staircase_pool,
          lemuel_fruit_fields

Skill      XL: |  1  2  3  4  5  6  7  8  9 10 11 12 |
---------------+-------------------------------------+-----
Axes           | 2 3 4 5 7 9 11 12 14 | 14.0
Armour         | 4 5 6 7 8 9 |  9.9
Stealth        | 1 0 |  0.0
Fighting       | 4 5 6 7 8 9 |  9.9
Shields        | 4 5 6 8 9 |  9.2
Dodging        | 1 2 |  2.0
Crossbows      | 2 |  2.9

Action                   |  1- 3 |  4- 6 |  7- 9 | 10-12 || total
-------------------------+-------+-------+-------+-------++-------
Melee: War axe           |   125 |   129 |   465 |       ||   719
       Broad axe         |       |       |    22 |   653 ||   675
 Fire: Hand crossbow     |       |       |       |    38 ||    38
 Cast: Passwall          |       |       |       |     1 ||     1
Invok: Sacrifice Artific |       |       |     1 |       ||     1
       Sacrifice Stealth |       |       |       |     1 ||     1
       Sacrifice Essence |       |       |       |     1 ||     1
       Sacrifice Health  |       |       |       |     1 ||     1
       Draw Out Power    |       |       |       |     1 ||     1
  Use: Scroll            |       |    10 |     8 |     7 ||    25
       Potion            |       |     1 |     1 |     2 ||     4
 Stab: Invisible         |       |       |     1 |     6 ||     7
       Distracted        |       |       |       |     5 ||     5
Armor: Scale mail        |    60 |    90 |    31 |       ||   181
       Plate armour      |       |       |   286 |   673 ||   959
Dodge: Dodged            |    63 |    77 |   161 |   290 ||   591
Block: Buckler           |    36 |    38 |   106 |    67 ||   247
       Kite shield       |       |       |       |   305 ||   305
